 Dungeon Crawl Stone Soup version 0.21.0-25-ge575cb9 (webtiles) character file.

133 JeffiDaFish the Vexing (level 4, -3/22 HPs)
             Began as a Spriggan Arcane Marksman on Jan 23, 2018.
             Slain by a bullfrog skeleton (4 damage)
             ... on level 4 of the Dungeon.
             The game lasted 00:04:23 (2529 turns).

JeffiDaFish the Vexing (Spriggan Arcane Marksman)   Turns: 2529, Time: 00:04:24

Health: -3/22      AC:  3    Str:  6    XL:     4   Next: 94%
Magic:  7/7        EV: 19    Int: 14    God:
Gold:   164        SH:  0    Dex: 17    Spells: 2/5 levels left

rFire    . . .     SeeInvis +   a - +0 hand crossbow
rCold    . . .     Gourm    .   (shield restricted)
rNeg     . . .     Faith    .   e - +1 robe
rPois    .         Spirit   .   (helmet restricted)
rElec    .         Reflect  .   (no cloak)
rCorr    .         Harm     .   (gloves unavailable)
MR       .....                  (boots unavailable)
Stlth    ++........             (no amulet)
HPRegen  0.07/turn              (no ring)
MPRegen  0.10/turn              (no ring)

@: very quick
A: very small, unfitting armour, see invisible, herbivore, speed 3, slow
metabolism 2
a: no special abilities


You were on level 4 of the Dungeon.
You were not hungry.

You visited 1 branch of the dungeon, and saw 4 of its levels.

You collected 164 gold pieces.

Inventory:

Hand Weapons
 a - a +0 hand crossbow (weapon)
 g - a +0 dagger of venom
Missiles
 d - 3 bolts (quivered)
Armour
 e - a +1 robe (worn)
Wands
 j - a wand of iceblast (6)
Scrolls
 b - 3 scrolls of teleportation
 h - 8 scrolls of identify
 l - a scroll of remove curse
Potions
 i - a potion of magic
Books
 c - a book of Debilitation

   Spells                             Type                      Level
   a - Corona                         Hexes                        1
   b - Slow                           Hexes                        2
   c - Inner Flame                    Hexes/Fire                   3
   d - Portal Projectile              Hexes/Translocation          3
   e - Cause Fear                     Hexes                        4
   f - Leda's Liquefaction            Hexes/Earth                  4
Comestibles
 f - 6 rations


   Skills:
 + Level 1.4 Fighting
 + Level 1.2 Short Blades
 + Level 3.5 Crossbows
 + Level 4.2 Dodging
 + Level 1.4 Stealth
 + Level 1.3 Spellcasting
 + Level 4.2 Hexes


You had 2 spell levels left.
You knew the following spells:

 Your Spells              Type           Power        Failure   Level  Hunger
a - Corona                Hex            ##.....      4%          1    ##.....
b - Slow                  Hex            ##......     7%          2    ###....


Dungeon Overview and Level Annotations

Branches:
Dungeon (4/15)
 Temple: D:4-7

Altars:
Ashenzari
Hepliaklqana
Okawaru
Qazlal
Xom


Innate Abilities, Weirdness & Mutations

You are very small and have problems with some larger weapons.
You are too small for most types of armour.
You have supernaturally acute eyesight. (SInv)
You are a herbivore.
You cover ground extremely quickly.
You need consume almost no food.


Message History

Aim: a bullfrog skeleton (moderately damaged)
You shoot a bolt.
The bolt barely misses the bullfrog skeleton.
The bullfrog skeleton barely misses you.
The bullfrog skeleton misses you.
Firing (i - inventory):
d - 5 bolts (quivered)
Press: ? - help, Shift-Dir - straight line, f/p - bullfrog skeleton
Aim: a bullfrog skeleton (moderately damaged)
You shoot a bolt.
The bolt barely misses the bullfrog skeleton.
The bullfrog skeleton hits you!
* * * LOW HITPOINT WARNING * * *
Firing (i - inventory):
d - 4 bolts (quivered)
Press: ? - help, Shift-Dir - straight line, f/p - bullfrog skeleton
Aim: a bullfrog skeleton (moderately damaged)
You shoot a bolt. The bolt hits the bullfrog skeleton!
The bullfrog skeleton is severely damaged.
The bullfrog skeleton hits you but does no damage.
The bullfrog skeleton hits you.
You die...

###.#....######
#.#...##
#.###.# #.....#
#####(###
#.##.#.#
#.##...#
#.####.#
#@####.#
#Z..)..#
#.######
#.######## ..#
#(......>. #.#
#.######## #.#
#.# #.#
##(######
#.###.......#


You could see a bullfrog skeleton.

Vanquished Creatures
  Terence (D:3)
  3 adders
  An ooze (D:1)
  A worm (D:2)
  4 dart slugs
  2 leopard geckos
  7 orcs
  8 bats
  8 goblins
  8 hobgoblins
  3 frilled lizards
  8 kobolds
  6 rats
60 creatures vanquished.

Notes
Turn   | Place    | Note
-------+----------+-------------------------------------------
     0 | D:1      | JeffiDaFish the Spriggan Arcane Marksman began the quest for the Orb.
     0 | D:1      | Reached XP level 1. HP: 9/9 MP: 3/3
    77 | D:1      | Reached XP level 2. HP: 14/14 MP: 5/5
   469 | D:1      | Reached XP level 3. HP: 17/17 MP: 6/6
   704 | D:2      | Found a shattered altar of Ashenzari.
   898 | D:2      | Reached skill level 1 in Fighting
  1047 | D:2      | Reached XP level 4. HP: 20/22 MP: 7/7
  1074 | D:2      | Learned a level 2 spell: Slow
  1481 | D:3      | Found an iron altar of Okawaru.
  1482 | D:3      | Found a hazy altar of Hepliaklqana.
  1482 | D:3      | Found a shimmering altar of Xom.
  1484 | D:3      | Noticed Terence
  1515 | D:3      | Killed Terence
  1515 | D:3      | Reached skill level 1 in Short Blades
  1700 | D:3      | Reached skill level 1 in Stealth
  2338 | D:4      | Found a stormy altar of Qazlal.
  2528 | D:4      | HP: 1/22 [bullfrog skeleton (7)]
  2529 | D:4      | Slain by a bullfrog skeleton

Skill      XL: |  1  2  3  4 |
---------------+-------------+-----
Hexes          | 4 |  4.2
Crossbows      | 3 |  3.5
Fighting       | 1 |  1.4
Dodging        | 4 |  4.2
Short Blades   | 1 |  1.2
Stealth        | 1 |  1.4
Spellcasting   | |  1.3

Action                   |  1- 3 |  4- 6 || total
-------------------------+-------+-------++-------
Melee: Dagger            |    69 |    60 ||   129
 Fire: Hand crossbow     |    60 |    18 ||    78
 Cast: Slow              |       |     4 ||     4
  Use: Potion            |     6 |     2 ||     8
       Scroll            |     4 |     3 ||     7
 Stab: Sleeping          |     2 |     3 ||     5
Armor: Robe              |    12 |     4 ||    16
Dodge: Dodged            |    85 |    45 ||   130
